 Dungeon Crawl Stone Soup version 0.28.0-62-gf88900778d (webtiles) character file.

Game seed: 12492536185178874104

3132 cbfl8 the Cleaver (level 9, -2/81 HPs)
             Began as a Minotaur Berserker on Feb 25, 2023.
             Was an Elder of Trog.
             Slain by a two-headed ogre
             ... wielding a +0 giant club
              (18 damage)
             ... on level 7 of the Dungeon.
             The game lasted 00:06:56 (8114 turns).

cbfl8 the Cleaver (Minotaur Berserker)              Turns: 8114, Time: 00:06:57

Health: -2/81      AC: 12    Str: 22    XL:     9   Next: 61%
Magic:  8/8        EV: 10    Int:  4    God:    Trog [****..]
Gold:   313        SH:  0    Dex: 14    Spells: 8/8 levels left

rFire   . . .      SeeInvis .   x - +1 battleaxe
rCold   . . .      Faith    .   (shield currently unavailable)
rNeg    . . .      Spirit   .   j - +0 chain mail
rPois   +          Reflect  .   (helmet restricted)
rElec   .          Harm     .   o - scarf {+Inv}
rCorr   .          Rampage  .   m - +0 pair of gloves
Will    .....                   (no boots)
Stlth   ..........              (no amulet)
HPRegen 0.23/turn               v - ring of poison resistance
MPRegen 0.11/turn               (no ring)

@: on berserk cooldown, slowed, very slow
A: horns 2, retaliatory headbutt
a: Renounce Religion, Evoke Invisibility, Berserk, Trog's Hand, Brothers in Arms


You were on level 7 of the Dungeon.
You worshipped Trog.
Trog was greatly pleased with you.
You visited 1 branch of the dungeon, and saw 7 of its levels.

You collected 313 gold pieces.

Inventory:

Hand Weapons
 x - a +1 battleaxe (weapon)
Armour
 j - a +0 chain mail (worn)
 m - a +0 pair of gloves (worn)
 o - a scarf of invisibility (worn)
Jewellery
 v - a ring of poison resistance (left hand)
Wands
 s - a wand of acid (13) (quivered)
Scrolls
 a - a scroll of acquirement {unknown}
 b - a scroll of brand weapon {unknown}
 d - 5 scrolls of identify {unknown}
 f - a scroll of vulnerability {unknown}
 h - a scroll of fog {unknown}
 k - 3 scrolls of teleportation {unknown}
 r - a scroll of summoning {unknown}
 u - a scroll of amnesia {unknown}
 w - a scroll of immolation {unknown}
Potions
 c - 3 potions of curing {unknown}
 e - 3 potions of lignification
 g - 2 potions of brilliance {unknown}
 i - a potion of heal wounds {unknown}
 l - 3 potions of attraction {unknown}
 n - a potion of mutation {unknown}
 t - a potion of cancellation {unknown}


   Skills:
 + Level 8.2 Fighting
 + Level 10.6 Axes
 + Level 8.9 Armour
 + Level 4.3 Dodging
 + Level 0.7 Stealth
 + Level 3.7 Shields


You had 8 spell levels left.
You didn't know any spells.
Your spell library was empty.

Dungeon Overview and Level Annotations

Branches:
Dungeon (7/15)             Temple (0/1) D:6

Altars:
The Shining One

Shops:
D:1 ?

Annotations:
D:3 3 runed translucent doors, jamesblauser's ghost, amateur DrBe
D:4 2 runed translucent doors, tkbsonic5's ghost, novice MfGl
D:6 3 runed translucent doors, Jingleheimer's ghost, novice MiFi


Innate Abilities, Weirdness & Mutations

You have a pair of horns on your head.
You reflexively headbutt those who attack you in melee.


Message History

Items here: (( ))))) †††.
An orc is nearby!
Things that are here:
a +0 club; 5 poisoned darts; a yak corpse The orc hits you with a +0 flail.
The orc hits you but does no damage. x2
The orc hits you but does no damage.
A two-headed ogre comes into view. It is wielding two +0 giant clubs.
Found 18 gold pieces.
The two-headed ogre shouts in stereo!
The orc hits you but does no damage. The orc barely misses you.
The orc hits you with a +0 flail.
You slash the orc!
You kill the orc!
Trog accepts your kill.
Things that are here:
a +0 flail; a +0 scale mail; a scroll labelled YHAIRE EDWAMN You're still recovering from your berserk rage.
Okay, then.
Aiming: Corrosive Bolt
Press: ? - help, Q - select action, (/) - cycle Shift-Dir - straight line, f - two-headed ogre
Aim: a two-headed ogre, wielding two +0 giant clubs (86% to hit)
The bolt of acid hits the two-headed ogre!!
The two-headed ogre is moderately wounded.
The two-headed ogre hits you with a +0 giant club!! x2
Aiming: Corrosive Bolt
Press: ? - help, Q - select action, (/) - cycle Shift-Dir - straight line, f/p - two-headed ogre
Aim: a two-headed ogre, wielding two +0 giant clubs (moderately wounded, 86% to hit)
The bolt of acid misses the two-headed ogre.
The two-headed ogre barely misses you. You furiously retaliate!
You headbutt the two-headed ogre!
The two-headed ogre hits you with a +0 giant club!
* * * LOW HITPOINT WARNING * * *
Aiming: Corrosive Bolt
Press: ? - help, Q - select action, (/) - cycle Shift-Dir - straight line, f/p - two-headed ogre
Aim: a two-headed ogre, wielding two +0 giant clubs (heavily wounded, 86% to hit)
The bolt of acid misses the two-headed ogre.
The two-headed ogre closely misses you.
The two-headed ogre hits you with a +0 giant club!!
You die...

.#.# ######.#.
##.......
.###.....#.#
...........#
#.........#
#.........####.
#..............
##....@O.#.###$
##.........#
#.))).##..# ≈≈
#.#†#.#......
≈≈≈.###.#..........
≈≈≈................
≈≈.###.#..##.....#
#<#..# ..... #.#..#
##.##


You could see a two-headed ogre.

Vanquished Creatures
  Grinder (D:3)
  Sigmund (D:2)
  A wyvern (D:5)
  3 yaks (D:7)
  A water moccasin (D:6)
  3 black bears
  4 ice beasts
  2 orc warriors
  2 ogres (D:5)
  A kobold brigand (D:7)
  5 wights (D:6)
  A vampire bat (D:3)
  A centaur zombie (D:6)
  Crazy Yiuf (D:2)
  6 orc priests
  2 jellies
  A gnoll shaman (D:4)
  A scorpion zombie (D:5)
  Natasha (D:2)
  An iguana (D:4)
  4 orc wizards
  6 gnolls
  2 howler monkey skeletons
  4 adders
  3 white imps
  An ufetubus (D:6)
  A worm (D:3)
  4 dart slugs
  3 fire bats (D:3)
  17 orcs
  2 spectral bats (D:3)
  3 bat skeletons (D:3)
  A bat zombie (D:3)
  7 endoplasms
  5 giant cockroaches
  7 goblins
  4 hobgoblins (D:2)
  8 jackals
  4 quokkas
  10 ball pythons
  9 bats (D:3)
  A bat simulacrum (D:3)
  4 frilled lizards
  10 kobolds
  9 rats
168 creatures vanquished.

Vanquished Creatures (others)
  An orc wizard (D:6)
  2 fungi (D:2)
3 creatures vanquished.

Grand Total: 171 creatures vanquished

Notes
Turn   | Place    | Note
-------+----------+-------------------------------------------
     0 | D:1      | cbfl8 the Minotaur Berserker began the quest for the Orb.
     0 | D:1      | Reached XP level 1. HP: 19/19 MP: 0/0
    94 | D:1      | Found a faded altar of an unknown god.
   364 | D:1      | Reached XP level 2. HP: 10/27 MP: 1/1
   756 | D:1      | Found Vekhuot's Magic Scroll Shoppe.
   938 | D:1      | Reached skill level 4 in Axes
  1275 | D:2      | Reached XP level 3. HP: 33/33 MP: 2/2
  1492 | D:2      | Reached ** piety under Trog
  1599 | D:2      | Noticed Sigmund
  1608 | D:2      | Killed Sigmund
  1609 | D:2      | Reached skill level 5 in Fighting
  1609 | D:2      | Reached skill level 5 in Axes
  1609 | D:2      | Reached XP level 4. HP: 42/42 MP: 3/3
  1609 | D:2      | Reached XP level 5. HP: 48/48 MP: 4/4
  2068 | D:2      | Noticed Natasha
  2079 | D:2      | Killed Natasha
  2335 | D:2      | Found a runed translucent door.
  2336 | D:2      | Noticed Crazy Yiuf
  2342 | D:2      | Killed Crazy Yiuf
  2343 | D:2      | Reached skill level 6 in Axes
  2343 | D:2      | Reached XP level 6. HP: 43/56 MP: 5/5
  2513 | D:3      | Noticed jamesblauser's ghost (amateur DrBe)
  2658 | D:3      | Noticed Grinder
  2667 | D:3      | Killed Grinder
  2725 | D:3      | Reached XP level 7. HP: 63/63 MP: 6/6
  2777 | D:3      | Reached skill level 7 in Axes
  2819 | D:3      | Found a runed translucent gate.
  2820 | D:3      | Found a runed translucent gate.
  2820 | D:3      | Found a runed translucent gate.
  3070 | D:4      | Reached *** piety under Trog
  3125 | D:4      | Found a runed translucent door.
  3425 | D:4      | Found a runed translucent door.
  3461 | D:4      | Noticed tkbsonic5's ghost (novice MfGl)
  3525 | D:4      | Reached skill level 5 in Armour
  4433 | D:5      | Entered Level 5 of the Dungeon
  4503 | D:5      | Reached skill level 8 in Axes
  4503 | D:5      | Reached XP level 8. HP: 38/71 MP: 7/7
  5051 | D:5      | Reached skill level 1 in Shields
  5662 | D:5      | Reached skill level 9 in Axes
  6241 | D:6      | Found a staircase to the Ecumenical Temple.
  6704 | D:6      | Reached XP level 9. HP: 80/80 MP: 8/8
  6818 | D:6      | Reached **** piety under Trog
  7355 | D:6      | Found a glowing golden altar of the Shining One.
  7441 | D:6      | Reached skill level 10 in Axes
  7592 | D:6      | Found a runed translucent gate.
  7592 | D:6      | Found a runed translucent gate.
  7593 | D:6      | Found a runed translucent gate.
  7808 | D:6      | Noticed Jingleheimer's ghost (novice MiFi)
  8107 | D:7      | Noticed a two-headed ogre
  8114 | D:7      | Slain by a two-headed ogre

Illustrated notes

Levels and vault maps discovered:
D:1:      minmay_arrival_widening_spiral_wide, layout_basic, serial_shops,
          nicolae_diamond_shop, hellmonk_ecumenical_altar_inner_sanctum
D:2:      minmay_chambers_of_ones, layout_basic, minmay_misc_feat_room,
          uniq_crazy_yiuf_cottage, uniq_natasha, uniq_sigmund
D:3:      layout_rooms, gammafunk_ghost_split, skrybe_limestone_x,
          goddamned_bats, uniq_grinder
D:4:      layout_basic, ebering_ghost_sewer_f,
          nicolae_concentric_dashed_squares_wild, minmay_misc_feat_rows
D:5:      layout_layer_cave
D:6:      layout_loops_ring, minmay_temple_entry_drinking_statues,
          ebering_ghost_rock_garden, kennysheep_flooded_box
D:7:      wander_river, layout_loops_ring, st_stairs_14, minivault_5,
          chequers_serial_rivers_small_3

Skill      XL: |  1  2  3  4  5  6  7  8  9 |
---------------+----------------------------+-----
Fighting       | 4 5 6 7 8 |  8.2
Axes           | 4 5 6 8 9 10 | 10.6
Armour         | 3 4 5 7 8 |  8.9
Dodging        | 3 4 |  4.3
Shields        | 2 3 |  3.7
Stealth        | |  0.7

Action                   |  1- 3 |  4- 6 |  7- 9 || total
-------------------------+-------+-------+-------++-------
Melee: Hand axe          |    77 |    83 |   132 ||   292
       Punch             |     2 |     1 |     2 ||     5
       Headbutt          |     6 |    12 |    45 ||    63
       War axe           |       |       |    78 ||    78
       Battleaxe         |       |       |    15 ||    15
Invok: Berserk           |     1 |     1 |     6 ||     8
       Trog's Hand       |       |       |     1 ||     1
Evoke: Wand              |       |       |     3 ||     3
  Use: Potion            |       |       |     1 ||     1
Armor: Scale mail        |    16 |    47 |    20 ||    83
       Animal skin       |     2 |       |       ||     2
       Chain mail        |       |       |   107 ||   107
       Skin              |       |       |     2 ||     2
Dodge: Dodged            |    44 |    39 |   107 ||   190
Block: Kite shield       |       |       |    59 ||    59
